 Dungeon Crawl Stone Soup version 0.31.0-9-g3a7656b989 (webtiles) character file.

Game seed: 11501035309860474323

273 Bnni the Cutter (level 6, -3/33 HPs)
             Began as a Vine Stalker Fighter on Feb 1, 2024.
             Was a Follower of Uskayaw.
             Killed by nerve-wracking pain
             ... invoked by an orc priest
              (6 damage)
             ... on level 4 of the Dungeon.
             The game lasted 00:04:16 (2243 turns).

Bnni the Cutter (Vine Stalker Fighter)              Turns: 2243, Time: 00:04:17

Health: -3/33      AC:  9    Str: 23    XL:     6   Next: 24%
Magic:  0/7        EV:  8    Int:  8    God:    Uskayaw [*.....]
Gold:   162        SH:  5    Dex: 15    Spells: 5/5 levels left

rFire   + + .        k - +5 dagger "Rutom" {venom, ^Fragile rPois rF++ Str+4}
rCold   + . .        c - +0 buckler
rNeg    . . .        t - +1 chain mail {rC+}
rPois   +            (no helmet)
rElec   .            (no cloak)
rCorr   .            (no gloves)
SInv    .            (no boots)
Will    .....        (no amulet) Stlth
                     (no ring)
HPRegen 1.05/turn    (no ring)
MPRegen 0.10/turn

%: guardian spirit
@: no status effects
A: fangs 2, regeneration 1, magic shield, antimagic bite, no potion heal 2
a: Renounce Religion, Stomp


You were on level 4 of the Dungeon.
You worshipped Uskayaw.
Uskayaw was noncommittal.
You visited 2 branches of the dungeon, and saw 5 of its levels.

You collected 162 gold pieces.

Inventory:

Hand Weapons
 k - the +5 dagger "Rutom" (weapon) {venom, ^Fragile rPois rF++ Str+4}
   (You found it on level 3 of the Dungeon)

   Str+4:     It affects your strength (+4).
   rF++:      It greatly protects you from fire.
   rPois:     It protects you from poison ^Fragile: It will be destroyed if
   unequipped.
Missiles
 s - 5 poisoned darts (quivered)
Armour
 c - a +0 buckler (worn)
 t - a +1 chain mail of cold resistance (worn)
Wands
 f - a wand of polymorph (9)
 q - a wand of flame (16)
Scrolls
 a - a scroll of revelation {unknown}
 b - a scroll of fear {unknown}
 g - a scroll of blinking
 i - 2 scrolls of enchant weapon
 l - a scroll of vulnerability {unknown}
 p - a scroll of amnesia {unknown}
 r - a scroll of poison {unknown}
Potions
 d - a potion of might
 e - 2 potions of curing
 h - a potion of ambrosia
 j - a potion of haste
 m - a potion of heal wounds {unknown}
 n - a potion of mutation {unknown}


   Skills:
 + Level 3.7 Fighting
 * Level 4.1 Short Blades
 - Level 2.4 Armour
 + Level 0.5 Stealth
 - Level 4.0 Shields
 + Level 0.2 Invocations


You had 5 spell levels left.
You didn't know any spells.
Your spell library contained the following spells:

 Spells                   Type           Power      Damage    Failure   Level
 Conjure Ball Lightning   Conj/Air       0%         3x3d6     100%        6
 Discord                  Hex            0%         N/A       100%        8
 Disjunction              Tloc           0%         N/A       100%        8


Dungeon Overview and Level Annotations

Branches:
Dungeon (4/15)             Temple (1/1) D:4

Altars:
Dithmenos
Elyvilon
Fedhas
Gozag
Kikubaaqudgha
Makhleb
Okawaru
Qazlal
Ru
Trog
Uskayaw
Wu Jian
Xom


Innate Abilities, Weirdness & Mutations

You have extremely sharp teeth.
Your natural rate of healing is unusually fast.
When hurt, damage is shared between your health and your magic reserves.
Your bite disrupts and absorbs the magic of your enemies.
Potions cannot restore your health.


Message History

You kill the orc priest!
Unknown command.
You hit the orc.
You kill the orc!
The orc closely misses you. x2
Unknown command.
You hit the hobgoblin.
The hobgoblin is poisoned.
Your bite misses the hobgoblin.
The hobgoblin is heavily wounded.
The orc hits you but does no damage. x2; You block the hobgoblin's attack.
Unknown command.
You hit the hobgoblin but do no damage.
The hobgoblin looks even sicker.
Your bite misses the hobgoblin.
The hobgoblin is heavily wounded.
The orc hits you but does no damage. x2
The hobgoblin hits you but does no damage.
Unknown command.
You completely miss the orc. Your bite misses the orc.
The orc hits you with a +0 short sword. The orc hits you but does no damage.
The hobgoblin hits you but does no damage.
The orc priest invokes the aid of Beogh against you.
Beogh smites you!
* * * LOW HITPOINT WARNING * * *
Unknown command.
Okay, then.
You barely miss the orc. Your bite misses the orc.
Unknown command.
You hit the orc.
The orc is poisoned.
Your bite misses the orc.
The orc is moderately wounded.
You kill the hobgoblin!
The orc closely misses you. You block the orc's attack.
Unknown command.
You hit the orc priest.
The orc priest is poisoned.
The orc priest is lightly wounded.
The orc hits you with a +0 short sword.
* * * LOW HITPOINT WARNING * * *
You block the orc's attack.
The orc priest invokes the aid of Beogh against you.
Pain shoots through your body!
You die...

..... ##...†.#
...... #<...[.#
...... ###.....#
......##.......#
.......#.#.....#
............#.##
......#.#.#...#
##.....o).....##
#.....#@⌠.#...#
#...#.oo....#...
#.#...⌠.>.⌠...#.
#../#.......#...
#.....#.⌠.#.....
+...........##.#
#......#.#.## #
#...........
..#####.#...#


You could see an orc priest (very poisoned) and 2 orcs.

Vanquished Creatures
  A hound (D:3)
  An orc priest (D:4)
  Ijyb (D:3)
  Natasha (twice) (D:3)
  Terence (D:3)
  3 gnolls (D:3)
  3 adders
  A dart slug (D:3)
  A ribbon worm (D:2)
  An orc (D:4)
  8 ball pythons
  3 endoplasms
  A giant cockroach (D:1)
  6 hobgoblins
  3 quokkas
  5 bats
  7 frilled lizards
  10 goblins
  3 kobolds
  4 rats (D:1)
65 creatures vanquished.

Notes
Turn   | Place    | Note
-------+----------+-------------------------------------------
     0 | D:1      | Bnni the Vine Stalker Fighter began the quest for the Orb.
     0 | D:1      | Reached XP level 1. HP: 11/11 MP: 2/2
   283 | D:1      | Reached XP level 2. HP: 16/16 MP: 3/3
   802 | D:2      | Reached XP level 3. HP: 19/19 MP: 4/4
  1448 | D:3      | Noticed Ijyb
  1477 | D:3      | Killed Ijyb
  1478 | D:3      | Reached XP level 4. HP: 14/24 MP: 3/5
  1597 | D:3      | Reached XP level 5. HP: 27/28 MP: 4/6
  1818 | D:3      | Noticed Terence
  1832 | D:3      | Killed Terence
  2028 | D:3      | Noticed Natasha
  2042 | D:3      | Killed Natasha
  2043 | D:3      | Found a faded altar of an unknown god.
  2067 | D:3      | Identified the +5 dagger "Rutom" {venom, ^Fragile rPois
                  | rF++ Str+4}
  2098 | D:3      | Noticed Natasha
  2104 | D:3      | Killed Natasha
  2105 | D:3      | Reached XP level 6. HP: 33/33 MP: 7/7
  2178 | D:4      | Found a staircase to the Ecumenical Temple.
  2186 | Temple   | Entered the Ecumenical Temple
  2203 | Temple   | Became a worshipper of Uskayaw the Reveller
  2233 | D:4      | Reached * piety under Uskayaw
  2243 | D:4      | Killed from afar by an orc priest

Illustrated notes

Levels and vault maps discovered:
D:1:      sevenhm_arrival_forest_fort_small_6, layout_basic, minmay_unequal
D:2:      layout_basic, minmay_door_square
D:3:      kennysheep_the_goblin_king, layout_basic, basic_ecumenical_altar,
          nrook_uturn, uniq_natasha, uniq_terence
D:4:      layout_basic, minmay_temple_entry_sparse_star, portal_sewer_entry_d,
          minmay_stone_trees_small, kennysheep_path_1, minmay_misc_feat_enclosed
Temple:   oiseaux_autumnal_temple

Skill      XL: |  1  2  3  4  5 |
---------------+----------------+-----
Short Blades   | 2 3 4 |  4.1
Shields        | 3 4 |  4.0
Fighting       | 3 |  3.7
Armour         | |  2.4
Stealth        | |  0.5
Invocations    | |  0.2

Action                     |  1- 3 |  4- 6 || total
---------------------------+-------+-------++-------
  Melee: Rapier            |    63 |       ||    63
         Bite              |    35 |    43 ||    78
         Dagger            |    67 |   141 ||   208
         Unarmed           |       |     5 ||     5
  Throw: Dart              |       |     4 ||     4
    Use: Scroll            |       |     5 ||     5
 Armour: Scale mail        |    61 |       ||    61
         Chain mail        |    34 |   102 ||   136
  Dodge: Dodged            |    56 |    59 ||   115
  Block: Buckler           |    29 |    23 ||    52
